 Dungeon Crawl Stone Soup version 0.25.0-15-gac7dcb8919 (webtiles) character file.

Game seed: 16830558330571761296

774 grindst0ne the Covered (level 8, -7/64 HPs)
             Began as a Human Chaos Knight on June 28, 2020.
             Was a Plaything of Xom.
             Mangled by a fire crab (shapeshifter) (15 damage)
             ... on level 4 of the Dungeon.
             The game lasted 00:04:02 (3446 turns).

grindst0ne the Covered (Human Chaos Knight)         Turns: 3446, Time: 00:04:03

Health: -7/64      AC:  8    Str: 15    XL:     8   Next: 10%
Magic:  8/8        EV: 11    Int: 13    God:    Xom [..*...]
Gold:   196        SH:  0    Dex: 12    Spells: 7/7 levels left

rFire    . . .     SeeInvis .   a - +0 hand axe (chaos)
rCold    . . .     Gourm    .   (no shield)
rNeg     . . .     Faith    .   b - +2 leather armour
rPois    .         Spirit   .   p - +0 helmet
rElec    .         Reflect  .   x - scarf {repulsion}
rCorr    .         Harm     .   (no gloves)
MR       .....                  i - +0 pair of boots
Stlth    +.........             (no amulet)
HPRegen  0.20/turn              (no ring)
MPRegen  0.11/turn              (no ring)

@: repel missiles
A: no striking features
a: Renounce Religion


You were on level 4 of the Dungeon.
You worshipped Xom.
You were a toy of Xom.
You were not hungry.

You visited 1 branch of the dungeon, and saw 4 of its levels.

You collected 196 gold pieces.

Inventory:

Hand Weapons
 a - a +0 hand axe of chaos (weapon)
Missiles
 w - 8 poisoned darts (quivered)
Armour
 b - a +2 leather armour (worn)
 i - a +0 pair of boots (worn)
 k - a +0 chain mail
 m - a +1 ring mail of cold resistance
 p - a +0 helmet (worn)
 x - a scarf of repulsion (worn)
Jewellery
 q - an uncursed ring of ice {unknown}
Scrolls
 d - a scroll of enchant armour {unknown}
 e - a scroll of fog {unknown}
 g - 2 scrolls of blinking {unknown}
 h - 3 scrolls of identify {unknown}
 l - 2 scrolls of enchant weapon {unknown}
 n - 5 scrolls of remove curse {unknown}
 t - 2 scrolls of magic mapping {unknown}
 u - a scroll of teleportation {unknown}
Potions
 j - a potion of flight {unknown}
 o - a potion of curing {unknown}
 r - a potion of lignification {unknown}
 s - 2 potions of heal wounds {unknown}
 v - a potion of cancellation {unknown}
 z - a potion of stabbing {unknown}
Comestibles
 c - 8 rations


   Skills:
 + Level 5.6 Fighting
 - Level 3.0 Axes
 * Level 7.2 Armour
 - Level 1.0 Dodging


You had 7 spell levels left.
You didn't know any spells.
Your spell library contained the following spells:

 Spells                   Type           Power        Failure   Level  Hunger
 Freeze                   Ice            #...         36%         1    ##.....
 Frozen Ramparts          Ice            #.....       73%         3    ####...
 Ozocubu's Armour         Chrm/Ice       #.......     73%         3    ####...
 Hailstorm                Conj/Ice       #.......     98%         4    #####..
 Summon Ice Beast         Ice/Summ       #.......     98%         4    #####..


Dungeon Overview and Level Annotations

Branches:
Dungeon (4/15)             Temple (0/1) D:4

Altars:
Dithmenos
Makhleb
Nemelex Xobeh
Xom


Message History

The fire crab misses you.
The fire crab claws you but does no damage.
You hit the fire crab but do no damage.
The fire crab is moderately wounded.
The fire crab breathes flames at you.
The blast of flame engulfs you but does no damage.
The orc is engulfed in blazing flames.
The fire crab breathes flames at you. The blast of flame engulfs you.
You hit the fire crab but do no damage.
The fire crab is moving more slowly.
The fire crab is heavily wounded.
You are engulfed in blazing flames.
* * * LOW HITPOINT WARNING * * *
The orc is engulfed in blazing flames.
The orc dies!
The fire crab bites you.
* * * LOW HITPOINT WARNING * * *
You are engulfed in flames!
You die...
Xom chuckles heartily!

#.#
#.###<####
#.#
#.##<.....
#.#
#........#
#.#
####...##.
#.# ##### #
#>#### #
#.#°° #.#t#
#.#@####
#°°°°°°#
###°##.....
#.# ###.
#.# #.# #.
#.# #.# #..
###


You could see a fire crab shaped shifter (petrifying, very poisoned).

Vanquished Creatures
  Sigmund (D:4)
  A steam dragon (D:4)
  A black bear (D:4)
  A bullfrog skeleton (D:4)
  An orc priest (D:4)
  A centaur skeleton (D:4)
  Ijyb (D:3)
  Natasha (twice) (D:3)
  An orc wizard (D:4)
  A worker ant (D:3)
  Robin (D:3)
  4 adders
  3 oozes
  An adder skeleton (D:4)
  2 worms (D:2)
  2 dart slugs
  5 leopard geckos
  7 orcs
  3 giant cockroaches
  13 goblins
  11 hobgoblins
  2 jackals (D:3)
  11 kobolds
  A quokka (D:4)
  A ball python (D:3)
  10 bats
  A frilled lizard (D:2)
  10 rats
99 creatures vanquished.

Vanquished Creatures (others)
  An orc (D:4)
1 creature vanquished.

Grand Total: 100 creatures vanquished

Notes
Turn   | Place    | Note
-------+----------+-------------------------------------------
     0 | D:1      | grindst0ne the Human Chaos Knight began the quest for the
                  | Orb.
     0 | D:1      | Reached XP level 1. HP: 18/18 MP: 1/1
   263 | D:1      | Reached XP level 2. HP: 24/24 MP: 2/2
   525 | D:1      | Reached XP level 3. HP: 29/29 MP: 3/3
   539 | D:1      | XOM: confuse monster(s)
   544 | D:1      | Reached skill level 3 in Armour
   641 | D:1      | XOM: silly message
   865 | D:1      | XOM: silly message
  1140 | D:2      | Reached XP level 4. HP: 30/35 MP: 4/4
  1152 | D:2      | XOM: swap monsters
  1412 | D:2      | Found a burning altar of Makhleb.
  1645 | D:3      | Noticed Ijyb
  1649 | D:3      | XOM: scenery: create altars
  1653 | D:3      | Paralysed by Ijyb for 6 turns
  1658 | D:3      | XOM: enchant monster (good)
  1672 | D:3      | Killed Ijyb
  1672 | D:3      | Reached skill level 4 in Armour
  1672 | D:3      | Reached XP level 5. HP: 39/42 MP: 5/5
  1824 | D:3      | Noticed Natasha
  1832 | D:3      | Killed Natasha
  1856 | D:3      | XOM: god gift: book of Frost
  1926 | D:3      | Found a shadowy altar of Dithmenos.
  1929 | D:3      | Found a sparkling altar of Nemelex Xobeh.
  2070 | D:3      | Noticed Natasha
  2081 | D:3      | Killed Natasha
  2085 | D:3      | Noticed Robin
  2097 | D:3      | Reached XP level 6. HP: 25/48 MP: 6/6
  2101 | D:3      | Killed Robin
  2308 | D:3      | Reached skill level 5 in Armour
  2743 | D:4      | XOM: noise
  2795 | D:4      | Noticed Sigmund
  2813 | D:4      | Killed Sigmund
  2813 | D:4      | Reached XP level 7. HP: 45/55 MP: 7/7
  2814 | D:4      | Found a staircase to the Ecumenical Temple.
  2814 | D:4      | XOM: 2-stop teleportation journey
  2824 | D:4      | XOM: divination: detect items
  2831 | D:4      | Reached skill level 5 in Fighting
  2831 | D:4      | Reached skill level 6 in Armour
  2962 | D:4      | XOM: chaos upgrade
  3153 | D:4      | Noticed a steam dragon
  3153 | D:4      | a worker ant changed into a steam dragon
  3158 | D:4      | Killed a steam dragon
  3158 | D:4      | Reached skill level 7 in Armour
  3255 | D:4      | Reached XP level 8. HP: 46/63 MP: 8/8
  3442 | D:4      | Noticed a shapeshifter
  3442 | D:4      | an orc priest changed into a shapeshifter
  3442 | D:4      | Noticed a fire crab
  3442 | D:4      | a shapeshifter changed into a fire crab
  3446 | D:4      | Mangled by a fire crab (shapeshifter)

Illustrated notes

Levels and vault maps discovered:
D:1:      lightli_arrival_statuegarden, layout_basic
D:2:      layout_rooms, serial_forest, infiniplex_forest_lined_4_way,
          infiniplex_forest_end_3, infiniplex_forest_corner_1,
          infiniplex_forest_end_double, infiniplex_forest_corner_1,
          infiniplex_forest_straight_2, infiniplex_forest_corner_1,
          first_ration, minmay_misc_feat_room, bloody_makhleb
D:3:      minmay_octagon_keep, layout_loops_ring, minitemple, uniq_natasha,
          uniq_robin, uniq_ijyb
D:4:      black_bear_nest_1, layout_loops_ring, temple_fountains, minivault_11,
          uniq_sigmund

Skill      XL: |  1  2  3  4  5  6  7 |
---------------+----------------------+-----
Armour         | 3 4 5 7 |  7.2
Fighting       | 4 5 |  5.6
Axes           | |  3.0
Dodging        | |  1.0

Action                   |  1- 3 |  4- 6 |  7- 9 || total
-------------------------+-------+-------+-------++-------
Melee: Hand axe          |    73 |   145 |    77 ||   295
Throw: Dart              |       |       |     2 ||     2
Evoke: Wand              |       |     2 |     1 ||     3
 Stab: Paralysed         |     2 |     7 |     2 ||    11
       Petrified         |       |       |     1 ||     1
  Eat: Chunk             |     1 |     5 |     2 ||     8
Armor: Leather armour    |    27 |    62 |    36 ||   125
Dodge: Dodged            |    60 |    89 |    47 ||   196
